 Dungeon Crawl Stone Soup version 0.24.0-2-g5b39cebb1c (webtiles) character file.

Game seed: 12342918726751139689, levelgen mode: deterministic

1778 Madoushi the Digger (level 9, 0/50 HPs)
             Began as a Gargoyle Earth Elementalist on Oct 29, 2019.
             Was an Initiate of Ashenzari.
             Shot with an arrow by a centaur (8 damage)
             ... on level 7 of the Dungeon.
             The game lasted 00:32:15 (8716 turns).

Madoushi the Digger (Gargoyle Earth Elementalist)   Turns: 8716, Time: 00:32:15

Health: 0/50       AC: 10    Str: 13    XL:     9   Next: 8%
Magic:  14/16      EV: 14    Int: 18    God:    Ashenzari [......]
Gold:   308        SH:  0    Dex: 15    Spells: 17/18 levels left

rFire    + . .     SeeInvis .   A - +1 quarterstaff (distort)
rCold    . . .     Gourm    .   (shield currently unavailable)
rNeg     + . .     Faith    .   b - +0 leather armour {rF+}
rPois    ∞         Spirit   .   (no helmet)
rElec    +         Reflect  .   (no cloak)
rCorr    .         Harm     .   (no gloves)
MR       .....                  l - +0 pair of boots
Stlth    ++........             (no amulet)
HPRegen  0.16/turn              i - +5 ring of dexterity
MPRegen  0.15/turn              (no ring)

@: invisible
A: negative energy resistance 1, electricity resistance, unbreathing,
petrification resistance, rot immunity, AC +6
a: Curse Item, Renounce Religion


You were on level 7 of the Dungeon.
You worshipped Ashenzari.
Ashenzari was noncommittal.
You were not hungry.

You visited 2 branches of the dungeon, and saw 8 of its levels.

You collected 308 gold pieces.

Inventory:

Hand Weapons
 a - a +0 club
 e - a +1 dagger of protection
 t - a +1 flail of draining
 x - a cursed -1 mace
 A - a +1 quarterstaff of distortion (weapon)
Missiles
 w - 113 stones (quivered)
Armour
 b - a +0 leather armour of fire resistance (worn)
 c - a +0 robe
 l - a +0 pair of boots (worn)
 m - a +0 large shield
Jewellery
 i - a +5 ring of dexterity (left hand)
 o - an uncursed ring of magical power
 r - an uncursed ring of magical power
 z - an uncursed amulet of the gourmand
Wands
 s - a wand of flame (13)
Scrolls
 f - 3 scrolls of amnesia
 g - 5 scrolls of identify
 k - a scroll of remove curse
 v - a scroll of random uselessness {unknown}
 y - a scroll of teleportation
 B - a scroll of enchant armour {unknown}
 C - a scroll of summoning {unknown}
 D - a scroll of magic mapping
 E - a scroll of blinking
Potions
 h - a potion of flight
 j - a potion of might {unknown}
 n - a potion of heal wounds {unknown}
 q - 2 potions of curing
 u - a potion of resistance {unknown}
Comestibles
 d - 6 rations


   Skills:
 + Level 3.0 Fighting
 + Level 3.0 Short Blades
 + Level 0.2(0.9) Maces & Flails
 + Level 1.3(1.4) Staves
 + Level 2.3 Armour
 + Level 4.8 Dodging
 + Level 3.4 Stealth
 + Level 2.7 Shields
 + Level 5.0 Spellcasting
   Level 0.7 Transmutations
 + Level 7.3 Earth Magic


You had 17 spell levels left.
You knew the following spells:

 Your Spells              Type           Power        Failure   Level  Hunger
a - Sandblast             Erth           ####..       1%          1    None

Your spell library contained the following spells:

 Spells                   Type           Power        Failure   Level  Hunger
 Passwall                 Tmut/Erth      ###.....     4%          2    #......
 Stone Arrow              Conj/Erth      ###...       12%         3    ##.....
 Lee's Rapid Deconstruct  Erth           ####......   24%         5    ######.
 Petrify                  Tmut/Erth      ###.....     32%         4    ####...


Dungeon Overview and Level Annotations

Branches:
Dungeon (7/15)             Temple (1/1) D:5

Altars:
Ashenzari
Elyvilon
Gozag
Kikubaaqudgha
Nemelex Xobeh
Okawaru
Qazlal
Sif Muna
Trog
Uskayaw
Xom
Yredelemnul
Zin
The Shining One


Innate Abilities, Weirdness & Mutations

You are resistant to torment.
Your stone body is resilient. (AC +6)
You are immune to poison.
You resist negative energy. (rN+)
You are resistant to electric shocks. (rElec)
You can survive without breathing.
You are immune to petrification.
You are immune to rotting.


Message History

You destroy the adder skeleton!
w - 114 stones The centaur shoots an arrow.
The arrow hits you!
Casting: Sandblast (safe; 1% risk of failure)
Confirm with . or Enter, or press ? or * to list all spells.
Aiming: Sandblast (safe; 1% risk of failure)
Press: ? - help, Shift-Dir - straight line, f - centaur
Aim: a centaur, wielding a +0 shortbow (lightly wounded)
The blast of sand hits the centaur!
The centaur is severely wounded.
w - 113 stones The centaur shoots an arrow.
The arrow hits you!
The centaur shoots an arrow.
The arrow hits you!
* * * LOW HITPOINT WARNING * * *
Casting: Sandblast (safe; 1% risk of failure)
Confirm with . or Enter, or press ? or * to list all spells.
Okay, then.
You fade into invisibility!
The centaur shoots an arrow.
The arrow hits you!
You die...

####
#...#################
#..............#...##
##..#######.........###
###..## #.............
#.....## #...........##
#(.....###..(.....|...#
#
#.....Zc(@..........#..
#.
#...>#5####.(......## .
. ####...# #.###.####
###.. #. #.### .. ...?
. #...# .#### ##..#
###(###..... ...
#.##...### .#.
#.##.#.### #.##.#....


You could see a centaur, a crimson imp and a quokka zombie.

Vanquished Creatures
  Sigmund (D:5)
  A water moccasin (D:7)
  3 phantoms
  2 centaurs (D:5)
  4 bullfrogs
  3 wights (D:6)
  2 hounds
  A jelly (D:6)
  An orc priest (D:7)
  2 orc wizards
  3 iguanas
  4 worker ants
  A hound skeleton (D:6)
  6 gnolls (D:4)
  11 adders
  A shadow imp (D:6)
  An ooze (D:5)
  2 adder skeletons
  An adder zombie (D:7)
  6 worms
  3 dart slugs
  5 leopard geckos
  28 orcs
  A ball python (D:2)
  5 giant cockroaches
  14 goblins
  8 hobgoblins
  9 kobolds
  4 quokkas
  10 bats
  2 frilled lizards
  A quokka skeleton (D:3)
  A quokka zombie (D:6)
  12 rats
159 creatures vanquished.

Vanquished Creatures (others)
  A jelly (D:7)
  A hobgoblin (D:7)
2 creatures vanquished.

Grand Total: 161 creatures vanquished

Notes
Turn   | Place    | Note
-------+----------+-------------------------------------------
     0 | D:1      | Madoushi the Gargoyle Earth Elementalist began the quest
                  | for the Orb.
     0 | D:1      | Reached XP level 1. HP: 10/10 MP: 3/3
    81 | D:1      | Reached skill level 4 in Earth Magic
    81 | D:1      | Reached XP level 2. HP: 11/15 MP: 1/5
   356 | D:1      | Reached XP level 3. HP: 19/19 MP: 4/6
  1305 | D:2      | Reached XP level 4. HP: 21/24 MP: 3/7
  1855 | D:3      | Reached skill level 1 in Short Blades
  2030 | D:3      | Reached XP level 5. HP: 23/28 MP: 6/9
  2675 | D:4      | Reached skill level 5 in Earth Magic
  2779 | D:4      | Reached skill level 1 in Fighting
  2939 | D:4      | Reached XP level 6. HP: 34/34 MP: 7/10
  3444 | D:4      | Noticed a phantom
  3488 | D:4      | Noticed a phantom
  3504 | D:4      | Killed a phantom
  3510 | D:4      | Killed a phantom
  3510 | D:4      | Reached skill level 6 in Earth Magic
  3510 | D:4      | Reached XP level 7. HP: 16/39 MP: 1/13
  3813 | D:5      | Entered Level 5 of the Dungeon
  4128 | D:5      | Noticed Sigmund
  4136 | D:5      | Killed Sigmund
  5548 | D:5      | Found a staircase to the Ecumenical Temple.
  5554 | Temple   | Entered the Ecumenical Temple
  5740 | Temple   | Became a worshipper of Ashenzari the Shackled
  5776 | D:5      | Reached XP level 8. HP: 35/44 MP: 14/14
  5982 | D:5      | Reached skill level 1 in Armour
  7047 | D:5      | Reached skill level 1 in Shields
  8032 | D:6      | Noticed a moth of wrath
  8035 | D:6      | Found a bloodstained altar of Trog.
  8415 | D:7      | Found a bloodstained altar of Trog.
  8504 | D:7      | Reached skill level 7 in Earth Magic
  8575 | D:7      | Reached skill level 1 in Staves
  8575 | D:7      | Reached XP level 9. HP: 31/49 MP: 16/16
  8668 | D:7      | Reached skill level 5 in Spellcasting
  8716 | D:7      | Shot with an arrow by a centaur

Levels and vault maps discovered:
D:1:      dpeg_arrival_subterranean_lakeside_camping, layout_basic
D:2:      layout_basic
D:3:      layout_basic, first_ration
D:4:      layout_loops_ring
D:5:      layout_cave_pods, minmay_temple_entry_hall, uniq_sigmund
D:6:      cheibrodos_iron_armory, layout_cave_pools, tgw_trog
D:7:      layout_rooms, trog_hazing_becter, uniq_menkaure
Temple:   dshaligram_water_room_temple

Skill      XL: |  1  2  3  4  5  6  7  8  9 |
---------------+----------------------------+-----
Earth Magic    | 4 5 6 7 |  7.3
Short Blades   | 1 2 3 |  3.0
Stealth        | 3 |  3.4
Dodging        | 2 3 4 |  4.8
Spellcasting   | 3 4 5 |  5.0
Fighting       | 1 2 3 |  3.0
Armour         | 2 |  2.3
Shields        | 2 |  2.7
Staves         | 1 |  1.3
Maces & Flails | |  0.2
Transmutations | |  0.7

Action                   |  1- 3 |  4- 6 |  7- 9 || total
-------------------------+-------+-------+-------++-------
Melee: Club              |     5 |       |       ||     5
       Unarmed           |     1 |       |       ||     1
       Dagger            |   127 |   223 |  1124 ||  1474
       Quarterstaff      |       |       |    58 ||    58
 Cast: Sandblast         |    22 |    66 |    42 ||   130
Evoke: Wand              |       |       |     3 ||     3
  Use: Scroll            |       |       |    12 ||    12
       Potion            |       |       |     6 ||     6
 Stab: Sleeping          |     5 |     4 |       ||     9
  Eat: Chunk             |     1 |     7 |     1 ||     9
       Ration            |       |       |     6 ||     6
Armor: Robe              |    59 |   101 |   165 ||   325
       Leather armour    |       |       |   385 ||   385
       Skin              |       |       |     1 ||     1
Dodge: Dodged            |    97 |   139 |   706 ||   942
Block: Large shield      |       |       |   205 ||   205
